 Dungeon Crawl Stone Soup version 0.22.0-5-gf09313c8f9 (webtiles) character file.

106 LLavrengius the Digger (level 4, 10/27 HPs)
             Began as a Gargoyle Earth Elementalist on Aug 14, 2018.
             Was a Follower of Sif Muna.
             Quit the game on level 6 of the Dungeon.
             The game lasted 00:08:30 (2453 turns).

LLavrengius the Digger (GrEE)                       Turns: 2453, Time: 00:08:31

Health: 10/27      AC: 10    Str: 12    XL:     4   Next: 84%
Magic:  1/7        EV: 10    Int: 16    God:    Sif Muna [*.....]
Gold:   121        SH:  0    Dex: 14    Spells: 3/7 levels left

rFire    . . .     SeeInvis +   a - +0 mace
rCold    . . .     Gourm    .   (no shield)
rNeg     + . .     Faith    .   m - +3 leather armour
rPois    ∞         Spirit   .   (no helmet)
rElec    +         Reflect  .   t - +0 cloak
rCorr    .         Harm     .   (no gloves)
MR       .....                  (no boots)
Stlth    +.........             (no amulet)
HPRegen  0.09/turn              g - ring of see invisible
MPRegen  0.10/turn              f - +4 ring of dexterity

@: heavily drained
A: negative energy resistance 1, electricity resistance, unbreathing,
petrification resistance, rot immunity, AC +3
a: Divine Energy, Renounce Religion


You were on level 6 of the Dungeon.
You worshipped Sif Muna.
Sif Muna was aware of your devotion.
You were not hungry.

You visited 1 branch of the dungeon, and saw 4 of its levels.

You collected 121 gold pieces.

Inventory:

Hand Weapons
 a - a +0 mace (weapon)
 p - a +3 whip
 y - a +0 hunting sling
Missiles
 b - 163 stones (quivered)
 i - 27 arrows
 n - 15 sling bullets
Armour
 c - a +0 robe
 m - a +3 leather armour (worn)
 r - a cursed -1 robe
 t - a +0 cloak (worn)
Jewellery
 f - a +4 ring of dexterity (right hand)
 g - a ring of see invisible (left hand)
 k - an uncursed amulet of harm
 u - an uncursed ring of protection from cold {unknown}
 v - an uncursed ring of flight {unknown}
Scrolls
 h - 4 scrolls of identify {unknown}
 j - 2 scrolls of amnesia {unknown}
 o - 2 scrolls of immolation {unknown}
 q - a scroll of magic mapping {unknown}
 s - a scroll of remove curse {unknown}
Potions
 e - 2 potions of resistance {unknown}
 l - a potion of lignification {unknown}
 w - a potion of mutation {unknown}
 z - a potion of heal wounds {unknown}
Comestibles
 d - 5 rations
 x - 2 chunks of flesh


   Skills:
 + Level 2.4(0.8) Fighting
 - Level 1.5(0.0) Dodging
 - Level 2.1(0.6) Stealth
 - Level 2.0(0.4) Spellcasting
   Level 0.7(0.0) Transmutations
 * Level 5.7(4.0) Earth Magic


You had 3 spell levels left.
You knew the following spells:

 Your Spells              Type           Power        Failure   Level  Hunger
a - Sandblast             Erth           ##....       6%          1    ##.....
b - Stone Arrow           Conj/Erth      #.....       38%         3    ####...

Your spell library contained the following spells:

 Spells                   Type           Power        Failure   Level  Hunger
 Passwall                 Tmut/Erth      #.......     21%         2    ###....
 Lee's Rapid Deconstruct  Erth           ##........   86%         5    ######.
 Petrify                  Tmut/Erth      #.......     80%         4    #####..


Dungeon Overview and Level Annotations

Branches:
Dungeon (3/15)

Altars:
Sif Muna
Yredelemnul
The Shining One


Innate Abilities, Weirdness & Mutations

You are resistant to torment.
Your stone body is resilient. (AC +3)
You are immune to poison.
You resist negative energy. (rN+)
You are resistant to electric shocks. (rElec)
You can survive without breathing.
You are immune to petrification.
You are immune to rotting.


Message History

The worker ant is almost dead.
b - 164 stones The worker ant bites you but does no damage.
The hound zombie bites you but does no damage.
The worker ant misses you.
A phantom comes into view.
Casting: Sandblast (safe; 6% risk of failure)
Confirm with . or Enter, or press ? or * to list all spells.
Aiming: Sandblast (safe; 6% risk of failure)
Press: ? - help, Shift-Dir - straight line, f/p - water moccasin
Aim: a water moccasin The blast of sand misses the worker ant.
The blast of sand hits the water moccasin.
The water moccasin is lightly wounded.
b - 163 stones The hound zombie misses you.
An orc wizard comes into view. It is wielding a dagger.
The worker ant bites you but does no damage.
The hound zombie completely misses you.
The phantom blinks!
Are you sure you want to abandon this character and quit the game? (Confirm with "yes".)

#.....# ...
#.....#.......#..
#.....#.......#..
#........._..... #
#...>.#.......# o##
#....(#.......# ...§
#.....# ..... ....)
#.....####.####S...#
#.........hZZ@aSZ..#
#..>......#####oW....
######....# ..)..
#....# .?.. #....#
### #....# #....#
#....# #....#


You could see a phantom, a water moccasin, a black bear, a worker ant, an orc
wizard (wandering), an adder, an orc, a hound zombie, a bullfrog zombie and an
adder skeleton.

Vanquished Creatures
  2 adders (D:2)
  6 worms (D:2)
  2 dart slugs
  A leopard gecko (D:2)
  An orc (D:2)
  A ball python (D:1)
  8 bats
  3 giant cockroaches
  9 goblins
  5 hobgoblins
  5 jackals (D:1)
  2 frilled lizards
  10 kobolds
  5 rats
60 creatures vanquished.

Vanquished Creatures (others)
  A hobgoblin (D:1)
1 creature vanquished.

Grand Total: 61 creatures vanquished

Notes
Turn   | Place    | Note
-------+----------+-------------------------------------------
     0 | D:1      | LLavrengius the Gargoyle Earth Elementalist began the quest for the Orb.
     0 | D:1      | Reached XP level 1. HP: 10/10 MP: 3/3
   133 | D:1      | Reached skill level 4 in Earth Magic
   142 | D:1      | Reached XP level 2. HP: 13/16 MP: 5/5
   204 | D:1      | Reached skill level 1 in Fighting
   520 | D:1      | Reached XP level 3. HP: 20/20 MP: 6/6
   827 | D:1      | Found a glowing golden altar of the Shining One.
  1214 | D:2      | Reached skill level 5 in Earth Magic
  1436 | D:2      | Reached XP level 4. HP: 22/26 MP: 7/7
  1441 | D:2      | Learned a level 3 spell: Stone Arrow
  1609 | D:2      | Found a faded altar of an unknown god.
  2110 | D:2      | Became a worshipper of Sif Muna the Loreminder
  2110 | D:2      | Reached * piety under Sif Muna
  2431 | D:3      | You fall through a shaft for 3 floors!
  2431 | D:6      | Noticed a black bear
  2440 | D:6      | Found a basalt altar of Yredelemnul.
  2443 | D:6      | Noticed a water moccasin
  2451 | D:6      | Noticed a phantom
  2453 | D:6      | Quit the game

Skill      XL: |  1  2  3 |
---------------+----------+-----
Earth Magic    | 4 5 |  5.7
Fighting       | 1 2 |  2.4
Dodging        | |  1.5
Stealth        | |  2.1
Spellcasting   | |  2.0
Transmutations | |  0.7

Action                   |  1- 3 |  4- 6 || total
-------------------------+-------+-------++-------
Melee: Mace              |   109 |    50 ||   159
 Cast: Sandblast         |    18 |    25 ||    43
 Stab: Sleeping          |     6 |     2 ||     8
       Distracted        |     1 |       ||     1
  Eat: Chunk             |     2 |     4 ||     6
Armor: Robe              |    46 |    24 ||    70
       Leather armour    |       |    18 ||    18
Dodge: Dodged            |    91 |    66 ||   157
